Edmonton Oilers vs New York Rangers
(R2)
Created - Friday, May 16, 2025 at 07:39
Goals
|
| Edmonton Oilers |
0 |
2 |
3 |
5 |
| New York Rangers |
0 |
0 |
1 |
1 |
|
Shots
|
| Edmonton Oilers |
8 |
13 |
20 |
41 |
| New York Rangers |
11 |
12 |
7 |
30 |
|
1st period
No Goal
Penalties :
Matthew Benning (NYR) for Fighting (Major) at 12:26, Corey Perry (EDM) for Fighting (Major) at 12:26
2nd period
1. Edmonton Oilers , Jake DeBrusk 21 (Brock Boeser 35) at 8:32 (PP)
2. Edmonton Oilers , Brock Boeser 35 (Jake DeBrusk 18, Jeff Carter 32) at 11:23 (PP)
Penalties :
Jake McCabe (NYR) for Delaying the game (Minor) at 8:15, Adam Larsson (NYR) for Boarding (Minor) at 10:58, David Perron (EDM) for High sticking (Minor) at 11:57, Ryan McLeod (EDM) for Tripping (Minor) at 15:30, Jake McCabe (NYR) for Slashing (Minor) at 18:56
3rd period
3. Edmonton Oilers , Brock Boeser 36 (Jacob Trouba 20, Jeff Carter 33) at 1:43
4. Edmonton Oilers , David Perron 20 (Adrian Kempe 48, Boone Jenner 32) at 12:54 (PP)
5. New York Rangers , Mikael Granlund 17 (Nathan MacKinnon 33, Cole Caufield 30) at 14:51 (PP)
6. Edmonton Oilers , Jeff Carter 12 (Brock Boeser 36, Jacob Trouba 21) at 16:27 (PP)
Penalties :
Corey Perry (EDM) for Interference (Minor) at 3:10, Tanner Jeannot (EDM) for High sticking (Minor) at 7:53, Cam Fowler (NYR) for Cross-checking (Minor) at 12:06, David Savard (EDM) for Interference (Minor) at 14:35, Adam Larsson (NYR) for Slashing (Double Minor) at 15:15, Adam Larsson (NYR) for Fighting (Major) at 19:22, Jacob Trouba (EDM) for Fighting (Major) at 19:22
Goalie Stats
Jonathan Quick (EDM), 22 saves from 22 shots - (1.000), W, 14-7-0, 32:02 minutes
Juuse Saros (EDM), 7 saves from 8 shots - (0.875), 27:58 minutes
Igor Shesterkin (NYR), 36 saves from 41 shots - (0.878), L, 22-21-7, 60:00 minutes
Players Stats for Edmonton Oilers
Player Name G A P +/- PIM S H SB GA TA FO MP PP MP PK MP
------------------------------------------------------------------------------------
Adrian Kempe 0 1 1 0 0 3 4 0 1 1 2/8 20:56 3:30 3:55
Boone Jenner 0 1 1 0 0 2 3 1 0 0 9/17 20:28 3:30 3:57
Brandon Carlo 0 0 0 1 0 3 2 0 0 1 0/0 23:15 3:15 4:07
Brock Boeser 2 2 4 1 0 8 0 0 0 0 2/4 20:42 3:10 3:55
Corey Perry 0 0 0 0 7 1 0 0 1 0 0/0 12:11 0:00 1:02
David Perron 1 0 1 0 2 3 3 0 0 0 0/0 19:55 3:30 2:54
David Savard 0 0 0 0 2 3 1 1 0 0 0/0 22:21 3:25 4:05
Dawson Mercer 0 0 0 0 0 1 0 1 1 0 0/7 10:52 0:00 0:09
Derek Ryan 0 0 0 0 0 0 0 1 0 0 0/0 7:33 0:00 0:00
Evan Bouchard 0 0 0 0 0 5 1 0 0 1 0/0 22:18 3:25 4:05
Jacob Trouba 0 2 2 1 5 2 1 1 0 2 0/0 22:43 3:15 4:07
Jake DeBrusk 1 1 2 1 0 4 3 0 0 0 0/1 16:52 3:10 0:32
Jeff Carter 1 2 3 1 0 3 3 0 0 0 15/32 16:02 3:10 0:00
Morgan Barron 0 0 0 0 0 2 0 0 0 0 0/0 7:49 0:00 0:00
Ryan McLeod 0 0 0 0 2 1 0 0 0 0 0/1 7:52 0:00 0:00
Scott Mayfield 0 0 0 0 0 0 1 0 0 0 0/0 14:36 0:00 0:00
Tanner Jeannot 0 0 0 0 2 0 1 0 0 0 0/1 11:10 0:00 0:00
Troy Stecher 0 0 0 0 0 0 2 0 1 1 0/0 14:06 0:00 0:00
Players Stats for New York Rangers
Player Name G A P +/- PIM S H SB GA TA FO MP PP MP PK MP
------------------------------------------------------------------------------------
Adam Larsson 0 0 0 -1 11 0 1 2 0 0 0/0 19:41 0:00 1:52
Artemi Panarin 0 0 0 0 0 3 0 0 1 0 0/0 17:19 4:42 0:00
Cam Fowler 0 0 0 0 2 0 1 1 0 0 0/0 21:55 4:42 0:35
Cole Caufield 0 1 1 -1 0 3 4 1 1 0 1/3 18:38 4:36 0:00
Conor Garland 0 0 0 0 0 0 2 0 0 2 0/0 14:01 3:35 0:00
David Kampf 0 0 0 0 0 3 1 1 0 0 10/14 12:14 0:01 3:34
Dylan Strome 0 0 0 -1 0 2 1 0 0 0 8/13 16:54 3:35 0:00
Jake McCabe 0 0 0 -1 4 1 2 4 0 0 0/0 19:51 0:00 2:12
Jake Walman 0 0 0 0 0 0 1 0 0 0 0/0 24:35 3:13 5:17
John Marino 0 0 0 0 0 0 2 2 0 1 0/0 15:03 0:17 3:24
Marcus Foligno 0 0 0 0 0 2 1 1 0 0 0/0 12:38 0:01 3:34
Matthew Benning 0 0 0 0 5 0 1 0 1 0 0/0 9:25 0:00 0:00
Mikael Granlund 1 0 1 0 0 3 0 1 0 0 9/20 20:26 4:36 3:06
Nathan MacKinnon 0 1 1 0 0 4 1 1 2 1 6/9 17:20 4:36 0:00
Sean Couturier 0 0 0 0 0 2 2 0 1 0 8/10 10:26 0:00 0:00
Teuvo Teravainen 0 0 0 0 0 0 0 0 0 0 1/1 17:17 3:30 3:06
Timo Meier 0 0 0 -1 0 6 2 0 0 0 0/0 16:54 3:35 0:00
Tyler Motte 0 0 0 0 0 1 0 2 0 0 0/1 8:36 0:01 0:00
3 Stars
1 - Brock Boeser (EDM)
2 - Jeff Carter (EDM)
3 - Jake DeBrusk (EDM)
Power Play
Edmonton Oilers - 4 on 6 Attempt(s) - 66.67%
New York Rangers - 1 on 5 Attempt(s) - 20.00%
Penalty Kill
Edmonton Oilers - 4 on 5 Attempt(s) - 80.00%
- Score 0 goal in Penalty Kill
New York Rangers - 2 on 6 Attempt(s) - 33.33%
- Score 0 goal in Penalty Kill
Team Stat
Edmonton Oilers - Hits : 25 - Faceoff Wins : 28 - Blocked Shots : 5 - Penalty Minutes : 20
New York Rangers - Hits : 22 - Faceoff Wins : 43 - Blocked Shots : 16 - Penalty Minutes : 22
Official
Referees : Brandon Schrader and Cody Beach
Linesman : Kilian McNamara and Devin Berg
Game Notes
Matthew Benning beats up Corey Perry at 12:26 of 1st period
Jonathan Quick is injured at 12:02 of 2nd period (Left Leg)
Juuse Saros enters game at 12:02 of 2nd period
Adam Larsson and Jacob Trouba fight to a draw at 19:22 of 3rd period
Finance
Level 1 -- Attendance: 4856 (80.93%) -- Ticket Income $495,312
Level 2 -- Attendance: 3873 (77.46%) -- Ticket Income $243,999
Level 3 -- Attendance: 2040 (68.00%) -- Ticket Income $83,640
Level 4 -- Attendance: 3400 (68.00%) -- Ticket Income $95,200
Luxury Box -- Attendance: 815 (81.50%) -- Ticket Income $158,925
Game was played at the Madison Square Garden.
Total Attendance: 14984 (74.92%)
Total Ticket Income: $1,077,076
Other Income: $376,977
Total Income: $1,454,053
Edmonton Oilers
5 vs 5 Forward
Center Left Wing Right Wing Time % Phy DF OF
1 Boone Jenner David Perron Adrian Kempe 30 1 2 2
2 Jeff Carter Jake DeBrusk Brock Boeser 30 1 2 2
3 Dawson Mercer Tanner Jeannot Corey Perry 25 1 2 2
4 Ryan McLeod Morgan Barron Derek Ryan 15 1 2 2
5 vs 5 Defense
Defense Defense Time % Phy DF OF
1 Brandon Carlo Jacob Trouba 35 1 2 2
2 David Savard Evan Bouchard 35 1 2 2
3 Scott Mayfield Troy Stecher 30 1 2 2
4 Brandon Carlo Jacob Trouba 0 1 2 2
PowerPlay Forward
Center Left Wing Right Wing Time % Phy DF OF
1 Boone Jenner David Perron Adrian Kempe 50 1 2 2
2 Jeff Carter Jake DeBrusk Brock Boeser 50 1 2 2
PowerPlay Defense
Defense Defense Time % Phy DF OF
1 Brandon Carlo Jacob Trouba 50 1 2 2
2 David Savard Evan Bouchard 50 1 2 2
Penalty Kill 4 Players Forward
Center Wing Time % Phy DF OF
1 Adrian Kempe Brock Boeser 50 1 2 2
2 Boone Jenner David Perron 50 1 2 2
Penalty Kill 4 Players Defense
Defense Defense Time % Phy DF OF
1 Brandon Carlo Jacob Trouba 50 1 2 2
2 David Savard Evan Bouchard 50 1 2 2
Penalty Kill - 3 Players Forward
Forward Time % Phy DF OF
1 Adrian Kempe 50 1 2 2
2 Brock Boeser 50 1 2 2
Penalty Kill - 3 Players Defense
Defense Defense Time % Phy DF OF
1 Brandon Carlo Jacob Trouba 50 1 2 2
2 David Savard Evan Bouchard 50 1 2 2
4 vs 4 Forward
Center Wing Time % Phy DF OF
1 Adrian Kempe Brock Boeser 50 1 2 2
2 Boone Jenner David Perron 50 1 2 2
4 vs 4 Defense
Defense Defense Time % Phy DF OF
1 Brandon Carlo Jacob Trouba 50 1 2 2
2 David Savard Evan Bouchard 50 1 2 2
Last Minutes Offensive
Center Left Wing Right Wing Defense Defense
Boone Jenner David Perron Adrian Kempe Brandon Carlo Jacob Trouba
Last Minutes Defensive
Center Left Wing Right Wing Defense Defense
Boone Jenner David Perron Adrian Kempe Brandon Carlo Jacob Trouba
Goaltenders
Starting : Jonathan Quick
Backup : Juuse Saros
Extra Forwards
Normal : Morgan Barron, Dawson Mercer, Corey Perry - PP : Morgan Barron, Dawson Mercer - PK : Corey Perry
Extra Defensemen
Normal : Scott Mayfield, Jacob Trouba, David Savard - PP : Scott Mayfield - PK : Brandon Carlo, David Savard
Penalty Shots
Adrian Kempe, Brock Boeser, Boone Jenner, David Perron, Jake DeBrusk
Scratches
Joey Anderson (Healthy), Brett Pesce (Healthy), Rasmus Ristolainen (Healthy), Julien Gauthier (Healthy), Dylan Holloway (Healthy)
New York Rangers
5 vs 5 Forward
Center Left Wing Right Wing Time % Phy DF OF
1 Mikael Granlund Artemi Panarin Nathan MacKinnon 30 1 2 2
2 Dylan Strome Cole Caufield Timo Meier 30 1 1 3
3 Sean Couturier Teuvo Teravainen Conor Garland 25 1 2 2
4 David Kampf Tyler Motte Marcus Foligno 15 1 2 2
5 vs 5 Defense
Defense Defense Time % Phy DF OF
1 Jake McCabe Adam Larsson 40 1 2 2
2 Cam Fowler Jake Walman 35 1 2 2
3 John Marino Matthew Benning 25 1 2 2
4 Cam Fowler Jake McCabe 0 1 2 2
PowerPlay Forward
Center Left Wing Right Wing Time % Phy DF OF
1 Nathan MacKinnon Mikael Granlund Cole Caufield 60 1 1 3
2 Dylan Strome Timo Meier Conor Garland 40 1 1 3
PowerPlay Defense
Defense Defense Time % Phy DF OF
1 Cam Fowler Artemi Panarin 60 1 1 3
2 Teuvo Teravainen Jake Walman 40 1 1 3
Penalty Kill 4 Players Forward
Center Wing Time % Phy DF OF
1 David Kampf Marcus Foligno 50 1 2 2
2 Mikael Granlund Teuvo Teravainen 50 1 2 2
Penalty Kill 4 Players Defense
Defense Defense Time % Phy DF OF
1 Jake Walman John Marino 50 1 2 2
2 Adam Larsson Jake McCabe 50 1 2 2
Penalty Kill - 3 Players Forward
Forward Time % Phy DF OF
1 David Kampf 50 1 2 2
2 Mikael Granlund 50 1 2 2
Penalty Kill - 3 Players Defense
Defense Defense Time % Phy DF OF
1 Jake Walman John Marino 50 1 2 2
2 Adam Larsson Cam Fowler 50 1 2 2
4 vs 4 Forward
Center Wing Time % Phy DF OF
1 Nathan MacKinnon Artemi Panarin 50 1 2 2
2 Dylan Strome Cole Caufield 50 1 2 2
4 vs 4 Defense
Defense Defense Time % Phy DF OF
1 Jake Walman Jake McCabe 50 1 2 2
2 Adam Larsson Cam Fowler 50 1 2 2
Last Minutes Offensive
Center Left Wing Right Wing Defense Defense
Nathan MacKinnon Artemi Panarin Cole Caufield Cam Fowler Jake Walman
Last Minutes Defensive
Center Left Wing Right Wing Defense Defense
David Kampf Mikael Granlund Marcus Foligno Jake Walman John Marino
Goaltenders
Starting : Igor Shesterkin
Backup : Kevin Lankinen
Extra Forwards
Normal : Cole Caufield, Artemi Panarin, Timo Meier - PP : Dylan Strome, Conor Garland - PK : Sean Couturier
Extra Defensemen
Normal : Jake Walman, John Marino, Adam Larsson - PP : John Marino - PK : Jake Walman, Adam Larsson
Penalty Shots
Artemi Panarin, Dylan Strome, Cole Caufield, Conor Garland, Nathan MacKinnon
Scratches
None
% Time on Ice - Edmonton Oilers
Lines # - Real PCT - Wanted PCT - Time Play
Normal Forward
1 - 30% - 30% - 13:31
2 - 30% - 30% - 13:28
3 - 25% - 25% - 11:05
4 - 16% - 15% - 7:04
Normal Defense
1 - 35% - 35% - 15:45
2 - 34% - 35% - 15:17
3 - 31% - 30% - 13:58
4 - 0% - 0% - 0:08
PP Forward
1 - 53% - 50% - 3:30
2 - 48% - 50% - 3:10
PP Defense
1 - 49% - 50% - 3:15
2 - 51% - 50% - 3:25
PK Forward
1 - 49% - 50% - 4:03
2 - 51% - 50% - 4:09
PK Defense
1 - 50% - 50% - 4:07
2 - 50% - 50% - 4:05
PK3 Forward
1 - 0% - 50%
2 - 0% - 50%
PK3 Defense
1 - 0% - 50%
2 - 0% - 50%
44 Forward
1 - 0% - 50%
2 - 0% - 50%
44 Defense
1 - 0% - 50%
2 - 0% - 50%
Last Minute Offensive - 0:00
Last Minute Defensive - 0:00
Total
Forward - 60:00
Defense - 60:00
|
% Time on Ice - New York Rangers
Lines # - Real PCT - Wanted PCT - Time Play
Normal Forward
1 - 30% - 30% - 13:30
2 - 30% - 30% - 13:19
3 - 23% - 25% - 10:26
4 - 17% - 15% - 7:53
Normal Defense
1 - 41% - 40% - 18:20
2 - 35% - 35% - 15:58
3 - 22% - 25% - 10:08
4 - 2% - 0% - 0:42
PP Forward
1 - 56% - 60% - 4:37
2 - 44% - 40% - 3:35
PP Defense
1 - 57% - 60% - 4:42
2 - 43% - 40% - 3:30
PK Forward
1 - 54% - 50% - 3:34
2 - 47% - 50% - 3:06
PK Defense
1 - 42% - 50% - 2:49
2 - 58% - 50% - 3:51
PK3 Forward
1 - 0% - 50%
2 - 0% - 50%
PK3 Defense
1 - 0% - 50%
2 - 0% - 50%
44 Forward
1 - 0% - 50%
2 - 0% - 50%
44 Defense
1 - 0% - 50%
2 - 0% - 50%
Last Minute Offensive - 0:00
Last Minute Defensive - 0:00
Total
Forward - 60:00
Defense - 60:00
|
Play-by-Play
1st period
0:01 of 1st period - Boone Jenner wins face-off versus Mikael Granlund in neutral zone.
0:06 of 1st period - Snap shot by Adrian Kempe.
0:06 of 1st period - Deflect By David Perron.
0:06 of 1st period - Shot Misses the Net.
0:06 of 1st period - Puck is out of play.
0:07 of 1st period - Adrian Kempe wins face-off versus Mikael Granlund in New York Rangers zone.
0:18 of 1st period - Snap shot by David Perron.
0:18 of 1st period - Shot Blocked by Jake McCabe.
0:44 of 1st period - Backhand shot by Adrian Kempe.
0:44 of 1st period - Stopped by Igor Shesterkin without a rebound.
0:45 of 1st period - Dylan Strome wins face-off versus Jeff Carter in New York Rangers zone.
1:01 of 1st period - Off-side.
1:02 of 1st period - Sean Couturier wins face-off versus Dawson Mercer in neutral zone.
1:37 of 1st period - Snap shot by David Kampf.
1:37 of 1st period - Stopped by Jonathan Quick with a rebound.
1:47 of 1st period - Snap shot by Dylan Strome.
1:47 of 1st period - Stopped by Jonathan Quick with a rebound.
1:49 of 1st period - Slapshot by Timo Meier.
1:49 of 1st period - Stopped by Jonathan Quick without a rebound.
1:50 of 1st period - Dylan Strome wins face-off versus Jeff Carter in Edmonton Oilers zone.
1:53 of 1st period - Wrist shot by Timo Meier.
1:53 of 1st period - Stopped by Jonathan Quick with a rebound.
2:05 of 1st period - Wrist shot by Timo Meier.
2:05 of 1st period - Stopped by Jonathan Quick with a rebound.
2:15 of 1st period - Cam Fowler is hit by Jake DeBrusk.
2:24 of 1st period - Icing by Jake Walman.
2:25 of 1st period - Dylan Strome wins face-off versus Dawson Mercer in New York Rangers zone.
2:25 of 1st period - Dylan Strome is hit by Tanner Jeannot.
3:15 of 1st period - Slapshot by Evan Bouchard.
3:15 of 1st period - Stopped by Igor Shesterkin with a rebound.
3:21 of 1st period - Wrist shot by Ryan McLeod.
3:21 of 1st period - Shot Blocked by Mikael Granlund.
3:41 of 1st period - Snap shot by Jake DeBrusk.
3:41 of 1st period - Shot Blocked by Jake McCabe.
3:43 of 1st period - Slapshot by Jacob Trouba.
3:43 of 1st period - Stopped by Igor Shesterkin without a rebound.
3:44 of 1st period - Sean Couturier wins face-off versus Dawson Mercer in New York Rangers zone.
5:13 of 1st period - David Savard is hit by Jake McCabe and loses puck.
5:36 of 1st period - Wrist shot by Nathan MacKinnon.
5:36 of 1st period - Stopped by Jonathan Quick without a rebound.
5:37 of 1st period - Boone Jenner wins face-off versus Mikael Granlund in Edmonton Oilers zone.
5:50 of 1st period - Snap shot by Boone Jenner.
5:50 of 1st period - Stopped by Igor Shesterkin with a rebound.
6:23 of 1st period - Icing by Jacob Trouba.
6:24 of 1st period - Jeff Carter wins face-off versus Cole Caufield in Edmonton Oilers zone.
6:29 of 1st period - Wrist shot by Corey Perry.
6:29 of 1st period - Shot Misses the Net.
6:31 of 1st period - Slapshot by Brandon Carlo.
6:31 of 1st period - Shot Misses the Net.
6:33 of 1st period - Slapshot by Corey Perry.
6:33 of 1st period - Shot Misses the Net.
6:35 of 1st period - Slapshot by Brandon Carlo.
6:35 of 1st period - Deflect By Jake McCabe.
6:35 of 1st period - Stopped by Igor Shesterkin without a rebound.
6:36 of 1st period - David Kampf wins face-off versus Adrian Kempe in New York Rangers zone.
6:53 of 1st period - Jake McCabe is hit by Adrian Kempe and loses puck.
7:52 of 1st period - Snap shot by Nathan MacKinnon.
7:52 of 1st period - Shot Hit the Post.
8:10 of 1st period - Wrist shot by David Perron.
8:10 of 1st period - Deflect By Boone Jenner.
8:10 of 1st period - Shot Blocked by Tyler Motte.
8:10 of 1st period - Puck is out of play.
8:11 of 1st period - Sean Couturier wins face-off versus Boone Jenner in New York Rangers zone.
8:11 of 1st period - Sean Couturier is hit by Boone Jenner.
8:18 of 1st period - Off-side.
8:19 of 1st period - Jeff Carter wins face-off versus Sean Couturier in neutral zone.
8:30 of 1st period - Snap shot by Sean Couturier.
8:30 of 1st period - Shot Misses the Net.
9:40 of 1st period - Snap shot by Timo Meier.
9:40 of 1st period - Stopped by Jonathan Quick with a rebound.
9:42 of 1st period - Slapshot by Jake McCabe.
9:42 of 1st period - Stopped by Jonathan Quick with a rebound.
9:44 of 1st period - Slapshot by Jake McCabe.
9:44 of 1st period - Deflect By Cole Caufield.
9:44 of 1st period - Shot Blocked by Dawson Mercer.
9:44 of 1st period - Puck is out of play.
9:45 of 1st period - Jeff Carter wins face-off versus Mikael Granlund in Edmonton Oilers zone.
9:45 of 1st period - Jeff Carter is hit by Cam Fowler.
10:40 of 1st period - Snap shot by Corey Perry.
10:40 of 1st period - Stopped by Igor Shesterkin with a rebound.
10:48 of 1st period - Dawson Mercer is hit by David Kampf and loses puck.
11:03 of 1st period - Wrist shot by Artemi Panarin.
11:03 of 1st period - Stopped by Jonathan Quick with a rebound.
11:23 of 1st period - Dylan Strome is hit by Troy Stecher.
11:59 of 1st period - Cam Fowler is hit by David Savard and loses puck.
12:08 of 1st period - Morgan Barron is hit by Timo Meier and loses puck.
12:26 of 1st period - Matthew Benning beats up Corey Perry.
12:26 of 1st period - Penalty to Matthew Benning for Fighting.
12:26 of 1st period - Penalty to Corey Perry for Fighting.
12:27 of 1st period - Jeff Carter wins face-off versus Mikael Granlund in Edmonton Oilers zone.
12:32 of 1st period - Snap shot by Brock Boeser.
12:32 of 1st period - Stopped by Igor Shesterkin without a rebound.
12:33 of 1st period - Mikael Granlund wins face-off versus Jeff Carter in New York Rangers zone.
12:33 of 1st period - Mikael Granlund is hit by Jeff Carter.
12:59 of 1st period - Wrist shot by Brock Boeser.
12:59 of 1st period - Stopped by Igor Shesterkin with a rebound.
13:07 of 1st period - Boone Jenner is hit by Conor Garland and loses puck.
13:15 of 1st period - Icing by Brandon Carlo.
13:16 of 1st period - David Kampf wins face-off versus Boone Jenner in Edmonton Oilers zone.
13:23 of 1st period - Wrist shot by Nathan MacKinnon.
13:23 of 1st period - Shot Misses the Net.
13:25 of 1st period - Snap shot by Artemi Panarin.
13:25 of 1st period - Stopped by Jonathan Quick with a rebound.
15:44 of 1st period - Snap shot by Nathan MacKinnon.
15:44 of 1st period - Stopped by Jonathan Quick without a rebound.
15:45 of 1st period - Jeff Carter wins face-off versus Dylan Strome in Edmonton Oilers zone.
16:36 of 1st period - Slapshot by Ryan McLeod.
16:36 of 1st period - Shot Blocked by Adam Larsson.
16:48 of 1st period - Scott Mayfield is hit by Adam Larsson.
17:31 of 1st period - Dawson Mercer is hit by Sean Couturier and loses puck.
17:53 of 1st period - Teuvo Teravainen is hit by Scott Mayfield and loses puck.
Goals for this period are 0 for Edmonton Oilers vs 0 for New York Rangers.
Shots for this period are 8 for Edmonton Oilers vs 11 for New York Rangers.
2nd period
0:01 of 2nd period - Dylan Strome wins face-off versus Jeff Carter in neutral zone.
0:14 of 2nd period - Snap shot by Cole Caufield.
0:14 of 2nd period - Shot Misses the Net.
0:21 of 2nd period - Jake DeBrusk is hit by Jake McCabe and loses puck.
0:44 of 2nd period - Wrist shot by Sean Couturier.
0:44 of 2nd period - Stopped by Jonathan Quick with a rebound.
0:54 of 2nd period - Ryan McLeod is hit by Matthew Benning and loses puck.
1:19 of 2nd period - Snap shot by Marcus Foligno.
1:19 of 2nd period - Shot Misses the Net.
1:37 of 2nd period - Off-side.
1:38 of 2nd period - Sean Couturier wins face-off versus Jeff Carter in neutral zone.
1:53 of 2nd period - Snap shot by Brock Boeser.
1:53 of 2nd period - Shot Blocked by Cam Fowler.
2:03 of 2nd period - Conor Garland is hit by David Perron and loses puck.
2:28 of 2nd period - Snap shot by Timo Meier.
2:28 of 2nd period - Stopped by Jonathan Quick without a rebound.
2:29 of 2nd period - Dylan Strome wins face-off versus Tanner Jeannot in Edmonton Oilers zone.
2:30 of 2nd period - Snap shot by Cole Caufield.
2:30 of 2nd period - Shot Misses the Net.
2:32 of 2nd period - Snap shot by Dylan Strome.
2:32 of 2nd period - Stopped by Jonathan Quick with a rebound.
2:34 of 2nd period - Snap shot by Dylan Strome.
2:34 of 2nd period - Shot Blocked by Jacob Trouba.
3:22 of 2nd period - Wrist shot by Timo Meier.
3:22 of 2nd period - Stopped by Jonathan Quick without a rebound.
3:23 of 2nd period - Jeff Carter wins face-off versus Mikael Granlund in Edmonton Oilers zone.
3:23 of 2nd period - Jeff Carter is hit by Jake Walman.
3:37 of 2nd period - Snap shot by Nathan MacKinnon.
3:37 of 2nd period - Shot Misses the Net.
3:49 of 2nd period - Snap shot by David Kampf.
3:49 of 2nd period - Stopped by Jonathan Quick with a rebound.
3:51 of 2nd period - Slapshot by Cam Fowler.
3:51 of 2nd period - Shot Blocked by David Savard.
3:53 of 2nd period - Backhand shot by Tyler Motte.
3:53 of 2nd period - Shot Misses the Net.
3:57 of 2nd period - Slapshot by Marcus Foligno.
3:57 of 2nd period - Stopped by Jonathan Quick with a rebound.
3:59 of 2nd period - Wrist shot by David Kampf.
3:59 of 2nd period - Shot Misses the Net.
4:01 of 2nd period - Slapshot by Cam Fowler.
4:01 of 2nd period - Shot Misses the Net.
4:55 of 2nd period - Wrist shot by Timo Meier.
4:55 of 2nd period - Shot Blocked by Derek Ryan.
5:05 of 2nd period - Wrist shot by Brock Boeser.
5:05 of 2nd period - Shot Misses the Net.
5:31 of 2nd period - Snap shot by Adrian Kempe.
5:31 of 2nd period - Deflect By Artemi Panarin.
5:31 of 2nd period - Shot Misses the Net.
5:31 of 2nd period - Puck is out of play.
5:32 of 2nd period - Dylan Strome wins face-off versus Brock Boeser in New York Rangers zone.
5:36 of 2nd period - Off-side.
5:37 of 2nd period - Jeff Carter wins face-off versus Dylan Strome in neutral zone.
5:40 of 2nd period - Snap shot by Jake DeBrusk.
5:40 of 2nd period - Shot Misses the Net.
6:30 of 2nd period - Wrist shot by Tyler Motte.
6:30 of 2nd period - Stopped by Jonathan Quick with a rebound.
6:42 of 2nd period - Snap shot by Marcus Foligno.
6:42 of 2nd period - Stopped by Jonathan Quick with a rebound.
7:01 of 2nd period - Wrist shot by Dylan Strome.
7:01 of 2nd period - Shot Misses the Net.
7:43 of 2nd period - Boone Jenner is hit by Sean Couturier and loses puck.
8:08 of 2nd period - Snap shot by Brock Boeser.
8:08 of 2nd period - Stopped by Igor Shesterkin without a rebound.
8:09 of 2nd period - Jeff Carter wins face-off versus David Kampf in New York Rangers zone.
8:10 of 2nd period - Snap shot by Brock Boeser.
8:10 of 2nd period - Deflect By Jeff Carter.
8:10 of 2nd period - Stopped by Igor Shesterkin with a rebound.
8:12 of 2nd period - Slapshot by Brandon Carlo.
8:12 of 2nd period - Deflect By Brock Boeser.
8:12 of 2nd period - Shot Blocked by Tyler Motte.
8:12 of 2nd period - Puck is out of play.
8:13 of 2nd period - Mikael Granlund wins face-off versus Jeff Carter in New York Rangers zone.
8:15 of 2nd period - Minor Penalty to Jake McCabe for Delaying the game.
8:16 of 2nd period - David Kampf wins face-off versus Jeff Carter in New York Rangers zone.
8:32 of 2nd period - Snap shot by Jake DeBrusk.
8:32 of 2nd period - Goal by Jake DeBrusk - Edmonton Oilers : 1 - New York Rangers : 0.
8:33 of 2nd period - Mikael Granlund wins face-off versus Jeff Carter in neutral zone.
8:58 of 2nd period - Timo Meier is hit by Jacob Trouba and loses puck.
9:11 of 2nd period - Tanner Jeannot is hit by John Marino and loses puck.
9:51 of 2nd period - Snap shot by Sean Couturier.
9:51 of 2nd period - Stopped by Jonathan Quick without a rebound.
9:52 of 2nd period - Mikael Granlund wins face-off versus Jeff Carter in Edmonton Oilers zone.
9:57 of 2nd period - Wrist shot by Nathan MacKinnon.
9:57 of 2nd period - Deflect By Mikael Granlund.
9:57 of 2nd period - Stopped by Jonathan Quick with a rebound.
10:19 of 2nd period - Dylan Strome is hit by Boone Jenner and loses puck.
10:43 of 2nd period - Wrist shot by Morgan Barron.
10:43 of 2nd period - Stopped by Igor Shesterkin without a rebound.
10:44 of 2nd period - Jeff Carter wins face-off versus Mikael Granlund in New York Rangers zone.
10:47 of 2nd period - Snap shot by Jake DeBrusk.
10:47 of 2nd period - Shot Misses the Net.
10:49 of 2nd period - Slapshot by Evan Bouchard.
10:49 of 2nd period - Shot Misses the Net.
10:51 of 2nd period - Slapshot by David Savard.
10:51 of 2nd period - Stopped by Igor Shesterkin with a rebound.
10:53 of 2nd period - Wrist shot by Brock Boeser.
10:53 of 2nd period - Shot Blocked by Jake McCabe.
10:55 of 2nd period - Snap shot by Jeff Carter.
10:55 of 2nd period - Stopped by Igor Shesterkin without a rebound.
10:56 of 2nd period - Dylan Strome wins face-off versus Jeff Carter in New York Rangers zone.
10:58 of 2nd period - Minor Penalty to Adam Larsson for Boarding.
10:59 of 2nd period - Boone Jenner wins face-off versus David Kampf in New York Rangers zone.
11:01 of 2nd period - Snap shot by David Perron.
11:01 of 2nd period - Shot Misses the Net.
11:03 of 2nd period - Snap shot by Boone Jenner.
11:03 of 2nd period - Shot Blocked by Marcus Foligno.
11:05 of 2nd period - Backhand shot by Adrian Kempe.
11:05 of 2nd period - Shot Blocked by David Kampf.
11:09 of 2nd period - Wrist shot by Adrian Kempe.
11:09 of 2nd period - Shot Misses the Net.
11:11 of 2nd period - Wrist shot by Boone Jenner.
11:11 of 2nd period - Shot Blocked by John Marino.
11:13 of 2nd period - Snap shot by David Perron.
11:13 of 2nd period - Shot Blocked by John Marino.
11:15 of 2nd period - Snap shot by David Perron.
11:15 of 2nd period - Deflect By Adrian Kempe.
11:15 of 2nd period - Shot Misses the Net.
11:15 of 2nd period - Puck is out of play.
11:16 of 2nd period - Jeff Carter wins face-off versus Mikael Granlund in New York Rangers zone.
11:23 of 2nd period - Snap shot by Brock Boeser.
11:23 of 2nd period - Goal by Brock Boeser - Edmonton Oilers : 2 - New York Rangers : 0.
11:24 of 2nd period - Brock Boeser wins face-off versus Mikael Granlund in neutral zone.
11:31 of 2nd period - Slapshot by Jake DeBrusk.
11:31 of 2nd period - Shot Blocked by Jake McCabe.
11:51 of 2nd period - Boone Jenner is hit by Cole Caufield and loses puck.
11:57 of 2nd period - Minor Penalty to David Perron for High sticking.
11:58 of 2nd period - Nathan MacKinnon wins face-off versus Brock Boeser in Edmonton Oilers zone.
12:02 of 2nd period - Wrist shot by Mikael Granlund.
12:02 of 2nd period - Stopped by Jonathan Quick without a rebound.
12:02 of 2nd period - Jonathan Quick from Edmonton Oilers is injured at 12:02 of 2nd period (Left Leg).
12:02 of 2nd period - Juuse Saros enters game.
12:03 of 2nd period - Boone Jenner wins face-off versus Cole Caufield in Edmonton Oilers zone.
12:12 of 2nd period - Slapshot by Evan Bouchard.
12:12 of 2nd period - Shot Misses the Net.
12:14 of 2nd period - Slapshot by Evan Bouchard.
12:14 of 2nd period - Shot Misses the Net.
12:16 of 2nd period - Wrist shot by Corey Perry.
12:16 of 2nd period - Shot Blocked by Nathan MacKinnon.
12:18 of 2nd period - Wrist shot by Boone Jenner.
12:18 of 2nd period - Shot Blocked by Cole Caufield.
13:57 of 2nd period - Penalty to David Perron is over, David Perron is back on ice.
14:23 of 2nd period - Wrist shot by Adrian Kempe.
14:23 of 2nd period - Stopped by Igor Shesterkin with a rebound.
14:47 of 2nd period - Wrist shot by David Perron.
14:47 of 2nd period - Stopped by Igor Shesterkin with a rebound.
14:49 of 2nd period - Wrist shot by Brock Boeser.
14:49 of 2nd period - Stopped by Igor Shesterkin without a rebound.
14:50 of 2nd period - Sean Couturier wins face-off versus Dawson Mercer in New York Rangers zone.
14:59 of 2nd period - Snap shot by Teuvo Teravainen.
14:59 of 2nd period - Shot Misses the Net.
15:15 of 2nd period - Dylan Strome is hit by Troy Stecher and loses puck.
15:30 of 2nd period - Minor Penalty to Ryan McLeod for Tripping.
15:31 of 2nd period - Boone Jenner wins face-off versus Nathan MacKinnon in Edmonton Oilers zone.
15:44 of 2nd period - Slapshot by Artemi Panarin.
15:44 of 2nd period - Deflect By Boone Jenner.
15:44 of 2nd period - Stopped by Juuse Saros with a rebound.
16:12 of 2nd period - Evan Bouchard is hit by Cole Caufield.
17:30 of 2nd period - Penalty to Ryan McLeod is over, Ryan McLeod is back on ice.
17:30 of 2nd period - Teuvo Teravainen is hit by Jake DeBrusk and loses puck.
17:45 of 2nd period - Wrist shot by Jake DeBrusk.
17:45 of 2nd period - Shot Blocked by Adam Larsson.
17:47 of 2nd period - Slapshot by Evan Bouchard.
17:47 of 2nd period - Stopped by Igor Shesterkin with a rebound.
17:56 of 2nd period - Slapshot by Evan Bouchard.
17:56 of 2nd period - Stopped by Igor Shesterkin without a rebound.
17:57 of 2nd period - David Kampf wins face-off versus Ryan McLeod in New York Rangers zone.
18:56 of 2nd period - Minor Penalty to Jake McCabe for Slashing.
18:57 of 2nd period - David Kampf wins face-off versus Adrian Kempe in New York Rangers zone.
18:57 of 2nd period - David Kampf is hit by David Perron.
19:06 of 2nd period - Teuvo Teravainen is hit by Evan Bouchard and loses puck.
19:13 of 2nd period - Snap shot by Boone Jenner.
19:13 of 2nd period - Stopped by Igor Shesterkin without a rebound.
19:14 of 2nd period - David Kampf wins face-off versus Jeff Carter in New York Rangers zone.
19:14 of 2nd period - David Kampf is hit by Jeff Carter.
19:40 of 2nd period - David Perron is hit by Marcus Foligno and loses puck.
19:46 of 2nd period - Icing by Adrian Kempe.
19:47 of 2nd period - David Kampf wins face-off versus Boone Jenner in Edmonton Oilers zone.
Goals for this period are 2 for Edmonton Oilers vs 0 for New York Rangers.
Shots for this period are 13 for Edmonton Oilers vs 12 for New York Rangers.
3rd period
0:01 of 3rd period - David Kampf wins face-off versus Jake DeBrusk in neutral zone.
0:16 of 3rd period - Snap shot by Brock Boeser.
0:16 of 3rd period - Stopped by Igor Shesterkin without a rebound.
0:17 of 3rd period - Mikael Granlund wins face-off versus Boone Jenner in New York Rangers zone.
0:17 of 3rd period - Mikael Granlund is hit by Brandon Carlo.
0:49 of 3rd period - Slapshot by Evan Bouchard.
0:49 of 3rd period - Stopped by Igor Shesterkin with a rebound.
0:56 of 3rd period - Penalty to Jake McCabe is over, Jake McCabe is back on ice.
1:30 of 3rd period - Snap shot by Nathan MacKinnon.
1:30 of 3rd period - Stopped by Juuse Saros without a rebound.
1:31 of 3rd period - Jeff Carter wins face-off versus Dylan Strome in Edmonton Oilers zone.
1:31 of 3rd period - Jeff Carter is hit by Dylan Strome.
1:43 of 3rd period - Snap shot by Brock Boeser.
1:43 of 3rd period - Goal by Brock Boeser - Edmonton Oilers : 3 - New York Rangers : 0.
1:44 of 3rd period - Jeff Carter wins face-off versus Mikael Granlund in neutral zone.
1:47 of 3rd period - Jake McCabe is hit by Brandon Carlo and loses puck.
1:54 of 3rd period - Wrist shot by Jake DeBrusk.
1:54 of 3rd period - Stopped by Igor Shesterkin without a rebound.
1:55 of 3rd period - Jeff Carter wins face-off versus Sean Couturier in New York Rangers zone.
2:00 of 3rd period - Slapshot by Brock Boeser.
2:00 of 3rd period - Stopped by Igor Shesterkin without a rebound.
2:01 of 3rd period - Sean Couturier wins face-off versus Jeff Carter in New York Rangers zone.
2:51 of 3rd period - Snap shot by Dawson Mercer.
2:51 of 3rd period - Stopped by Igor Shesterkin without a rebound.
2:52 of 3rd period - Nathan MacKinnon wins face-off versus Dawson Mercer in New York Rangers zone.
3:10 of 3rd period - Minor Penalty to Corey Perry for Interference.
3:11 of 3rd period - Nathan MacKinnon wins face-off versus Adrian Kempe in Edmonton Oilers zone.
3:13 of 3rd period - Slapshot by Cole Caufield.
3:13 of 3rd period - Stopped by Juuse Saros with a rebound.
3:25 of 3rd period - Wrist shot by Cole Caufield.
3:25 of 3rd period - Shot Misses the Net.
3:27 of 3rd period - Backhand shot by Artemi Panarin.
3:27 of 3rd period - Deflect By Cole Caufield.
3:27 of 3rd period - Stopped by Juuse Saros without a rebound.
3:28 of 3rd period - Boone Jenner wins face-off versus Nathan MacKinnon in Edmonton Oilers zone.
3:53 of 3rd period - Jacob Trouba is hit by Conor Garland and loses puck.
5:10 of 3rd period - Penalty to Corey Perry is over, Corey Perry is back on ice.
5:33 of 3rd period - Slapshot by Ryan McLeod.
5:33 of 3rd period - Stopped by Igor Shesterkin without a rebound.
5:34 of 3rd period - Sean Couturier wins face-off versus Dawson Mercer in New York Rangers zone.
5:42 of 3rd period - Snap shot by Dawson Mercer.
5:42 of 3rd period - Shot Misses the Net.
5:44 of 3rd period - Slapshot by David Savard.
5:44 of 3rd period - Shot Misses the Net.
5:46 of 3rd period - Snap shot by Evan Bouchard.
5:46 of 3rd period - Stopped by Igor Shesterkin with a rebound.
5:48 of 3rd period - Wrist shot by David Savard.
5:48 of 3rd period - Stopped by Igor Shesterkin with a rebound.
5:50 of 3rd period - Slapshot by David Savard.
5:50 of 3rd period - Stopped by Igor Shesterkin without a rebound.
5:51 of 3rd period - Jeff Carter wins face-off versus Tyler Motte in New York Rangers zone.
6:06 of 3rd period - Wrist shot by Jake DeBrusk.
6:06 of 3rd period - Stopped by Igor Shesterkin with a rebound.
6:18 of 3rd period - Brandon Carlo is hit by John Marino and loses puck.
6:27 of 3rd period - Snap shot by David Perron.
6:27 of 3rd period - Stopped by Igor Shesterkin without a rebound.
6:28 of 3rd period - Nathan MacKinnon wins face-off versus Dawson Mercer in New York Rangers zone.
6:35 of 3rd period - Wrist shot by Corey Perry.
6:35 of 3rd period - Shot Misses the Net.
6:53 of 3rd period - Brock Boeser is hit by Timo Meier.
7:17 of 3rd period - Snap shot by Teuvo Teravainen.
7:17 of 3rd period - Shot Misses the Net.
7:43 of 3rd period - Snap shot by David Kampf.
7:43 of 3rd period - Stopped by Juuse Saros with a rebound.
7:53 of 3rd period - Minor Penalty to Tanner Jeannot for High sticking.
7:54 of 3rd period - Adrian Kempe wins face-off versus Nathan MacKinnon in Edmonton Oilers zone.
8:11 of 3rd period - Boone Jenner is hit by Cole Caufield and loses puck.
9:53 of 3rd period - Penalty to Tanner Jeannot is over, Tanner Jeannot is back on ice.
11:05 of 3rd period - Sean Couturier is hit by Jake DeBrusk.
11:21 of 3rd period - Jake McCabe is hit by Adrian Kempe and loses puck.
12:06 of 3rd period - Minor Penalty to Cam Fowler for Cross-checking.
12:07 of 3rd period - Mikael Granlund wins face-off versus Boone Jenner in New York Rangers zone.
12:07 of 3rd period - Mikael Granlund is hit by David Perron.
12:14 of 3rd period - Icing by David Perron.
12:15 of 3rd period - Boone Jenner wins face-off versus David Kampf in Edmonton Oilers zone.
12:46 of 3rd period - Snap shot by Boone Jenner.
12:46 of 3rd period - Shot Misses the Net.
12:48 of 3rd period - Wrist shot by Boone Jenner.
12:48 of 3rd period - Shot Misses the Net.
12:50 of 3rd period - Wrist shot by Adrian Kempe.
12:50 of 3rd period - Stopped by Igor Shesterkin with a rebound.
12:52 of 3rd period - Slapshot by David Perron.
12:52 of 3rd period - Shot Misses the Net.
12:54 of 3rd period - Slapshot by David Perron.
12:54 of 3rd period - Goal by David Perron - Edmonton Oilers : 4 - New York Rangers : 0.
12:55 of 3rd period - Dylan Strome wins face-off versus Jeff Carter in neutral zone.
13:09 of 3rd period - Jake McCabe is hit by Jeff Carter and loses puck.
13:22 of 3rd period - Tanner Jeannot is hit by Nathan MacKinnon.
13:30 of 3rd period - Wrist shot by Artemi Panarin.
13:30 of 3rd period - Shot Misses the Net.
13:32 of 3rd period - Slapshot by Jake Walman.
13:32 of 3rd period - Shot Misses the Net.
13:50 of 3rd period - Slapshot by Jacob Trouba.
13:50 of 3rd period - Deflect By Conor Garland.
13:50 of 3rd period - Stopped by Igor Shesterkin without a rebound.
13:51 of 3rd period - Jeff Carter wins face-off versus Dylan Strome in New York Rangers zone.
14:06 of 3rd period - Wrist shot by Cole Caufield.
14:06 of 3rd period - Stopped by Juuse Saros with a rebound.
14:08 of 3rd period - Snap shot by Timo Meier.
14:08 of 3rd period - Shot Hit the Post.
14:35 of 3rd period - Minor Penalty to David Savard for Interference.
14:36 of 3rd period - Nathan MacKinnon wins face-off versus Adrian Kempe in Edmonton Oilers zone.
14:39 of 3rd period - Snap shot by Nathan MacKinnon.
14:39 of 3rd period - Stopped by Juuse Saros without a rebound.
14:40 of 3rd period - Nathan MacKinnon wins face-off versus Adrian Kempe in Edmonton Oilers zone.
14:51 of 3rd period - Snap shot by Mikael Granlund.
14:51 of 3rd period - Goal by Mikael Granlund - Edmonton Oilers : 4 - New York Rangers : 1.
14:52 of 3rd period - Boone Jenner wins face-off versus Dylan Strome in neutral zone.
15:15 of 3rd period - Double Minor Penalty to Adam Larsson for Slashing.
15:16 of 3rd period - Mikael Granlund wins face-off versus Jeff Carter in New York Rangers zone.
15:26 of 3rd period - Off-side.
15:27 of 3rd period - Brock Boeser wins face-off versus David Kampf in neutral zone.
15:31 of 3rd period - Snap shot by Brandon Carlo.
15:31 of 3rd period - Stopped by Igor Shesterkin without a rebound.
15:32 of 3rd period - Teuvo Teravainen wins face-off versus Jeff Carter in New York Rangers zone.
15:47 of 3rd period - Slapshot by Jake DeBrusk.
15:47 of 3rd period - Stopped by Igor Shesterkin without a rebound.
15:48 of 3rd period - Boone Jenner wins face-off versus Mikael Granlund in New York Rangers zone.
16:27 of 3rd period - Wrist shot by Jeff Carter.
16:27 of 3rd period - Goal by Jeff Carter - Edmonton Oilers : 5 - New York Rangers : 1.
16:28 of 3rd period - Mikael Granlund wins face-off versus Jeff Carter in neutral zone.
16:38 of 3rd period - Off-side.
16:39 of 3rd period - David Kampf wins face-off versus Jeff Carter in neutral zone.
17:04 of 3rd period - Wrist shot by Adrian Kempe.
17:04 of 3rd period - Shot Misses the Net.
17:06 of 3rd period - Slapshot by Brandon Carlo.
17:06 of 3rd period - Stopped by Igor Shesterkin without a rebound.
17:07 of 3rd period - David Kampf wins face-off versus Adrian Kempe in New York Rangers zone.
17:07 of 3rd period - David Kampf is hit by Adrian Kempe.
17:17 of 3rd period - Mikael Granlund is hit by Adrian Kempe and loses puck.
18:01 of 3rd period - Icing by David Savard.
18:02 of 3rd period - Mikael Granlund wins face-off versus Boone Jenner in Edmonton Oilers zone.
18:07 of 3rd period - Snap shot by Mikael Granlund.
18:07 of 3rd period - Shot Blocked by Boone Jenner.
18:27 of 3rd period - Penalty to Adam Larsson is over, Adam Larsson is back on ice.
18:51 of 3rd period - Snap shot by Morgan Barron.
18:51 of 3rd period - Stopped by Igor Shesterkin without a rebound.
18:52 of 3rd period - Cole Caufield wins face-off versus Boone Jenner in New York Rangers zone.
19:01 of 3rd period - Boone Jenner is hit by Cole Caufield.
19:12 of 3rd period - Jake McCabe is hit by Boone Jenner and loses puck.
19:22 of 3rd period - Adam Larsson and Jacob Trouba fight to a draw.
19:22 of 3rd period - Penalty to Adam Larsson for Fighting.
19:22 of 3rd period - Penalty to Jacob Trouba for Fighting.
19:23 of 3rd period - Sean Couturier wins face-off versus Boone Jenner in New York Rangers zone.
19:37 of 3rd period - Snap shot by Sean Couturier.
19:37 of 3rd period - Shot Misses the Net.
19:39 of 3rd period - Slapshot by Conor Garland.
19:39 of 3rd period - Shot Misses the Net.
Goals for this period are 3 for Edmonton Oilers vs 1 for New York Rangers.
Shots for this period are 20 for Edmonton Oilers vs 7 for New York Rangers.
Back to the Top